[ AOE2 MATCH · #507932834 ]
UnrankedWu vs Sicilians
Player's team · WIN
Rival team · LOSS
[ REPLAY ANALYSIS · EXTRACTED FROM THE RECORDED GAME ]
Feudal
8:54
Castle
22:23
Imperial
—
| APM avg | 71.8 |
| APM peak | 147 |
| eAPM avg | 37.5 |
| Villagers / military | 126 / 132 |
Focus
⚔️ 44.0% · 🌾 56.0%
Militia ×121 · Fishing Ship ×26 · Unknown (2626) ×23 · Monk ×5 · Battering Ram ×4 · Spearman ×2
Feudal
9:19
Castle
25:03
Imperial
—
| APM avg | 56.9 |
| APM peak | 97 |
| eAPM avg | 26.7 |
| Villagers / military | 107 / 85 |
Focus
⚔️ 43.4% · 🌾 56.6%
Serjeant ×80 · Fishing Ship ×24 · Unknown (2626) ×21 · Battering Ram ×5
Match map
Initial resources + every placement click. Lines = walls · curves = elevation contours. ◆ gold · ⬟ stone · ● berries · ✦ relic · ◌ wall gap
Your base· Open — unwalled flank
Ceeelebrate's base· Open — unwalled flank
Smoothed initial terrain · ◌ = detected wall gap · hover for details
Inputs per minute
— NOC | komtan - - Ceeelebrate
Build order — NOC | komtan
First 150 of 483 actions detected
| 0:00 | Queue | Villager (Male) |
| 0:00 | Queue | Villager (Male) |
| 0:01 | Queue | Villager (Male) |
| 0:01 | Queue | Villager (Male) |
| 0:02 | Build | House |
| 0:04 | Build | House |
| 0:07 | Build | House |
| 1:27 | Queue | Villager (Male) |
| 1:27 | Queue | Villager (Male) |
| 1:49 | Queue | Villager (Male) |
| 1:49 | Queue | Villager (Male) |
| 1:54 | Build | Lumber Camp |
| 2:20 | Queue | Villager (Male) |
| 2:20 | Queue | Villager (Male) |
| 2:48 | Queue | Villager (Male) |
| 2:48 | Queue | Villager (Male) |
| 2:48 | Queue | Villager (Male) |
| 3:30 | Queue | Villager (Male) |
| 3:38 | Queue | Villager (Male) |
| 3:38 | Queue | Villager (Male) |
| 4:09 | Build | Dock |
| 4:19 | Queue | Villager (Male) |
| 4:20 | Queue | Villager (Male) |
| 4:20 | Queue | Villager (Male) |
| 4:55 | Queue | Fishing Ship |
| 5:02 | Queue | Villager (Male) |
| 5:02 | Queue | Villager (Male) |
| 5:02 | Queue | Villager (Male) |
| 5:20 | Build | House |
| 5:42 | Queue | Villager (Male) |
| 6:01 | Research | Loom |
| 6:05 | Queue | Fishing Ship |
| 6:44 | Research | Feudal Age |
| 7:21 | Queue | Villager (Male) |
| 7:30 | Build | Barracks |
| 7:32 | Queue | Villager (Male) |
| 8:05 | Queue | Fishing Ship |
| 8:07 | Queue | Militia |
| 8:07 | Queue | Militia |
| 8:07 | Queue | Militia |
| 8:26 | Build | Mining Camp |
| 8:29 | Queue | Militia |
| 8:39 | Build | House |
| 8:54 | Age | Feudal Age |
| 9:24 | Build | Dock |
| 9:32 | Queue | Villager (Male) |
| 9:59 | Queue | Villager (Male) |
| 10:12 | Queue | Villager (Male) |
| 10:29 | Queue | Villager (Male) |
| 10:32 | Build | House |
| 10:33 | Queue | Fishing Ship |
| 10:44 | Queue | Unit 2626 |
| 10:44 | Queue | Unit 2626 |
| 10:44 | Queue | Unit 2626 |
| 10:49 | Research | Double-Bit Axe |
| 10:58 | Queue | Villager (Male) |
| 11:01 | Build | Outpost |
| 11:09 | Queue | Fishing Ship |
| 11:16 | Queue | Villager (Male) |
| 11:25 | Build | House |
| 11:29 | Research | Man-at-Arms (upgrade) |
| 11:33 | Build | House |
| 11:38 | Queue | Unit 2626 |
| 11:46 | Queue | Fishing Ship |
| 12:02 | Build | House |
| 12:05 | Queue | Villager (Male) |
| 12:15 | Queue | Unit 2626 |
| 12:21 | Queue | Villager (Male) |
| 12:43 | Queue | Villager (Male) |
| 12:46 | Queue | Fishing Ship |
| 13:01 | Build | Dock |
| 13:01 | Queue | Villager (Male) |
| 13:13 | Queue | Unit 2626 |
| 13:24 | Queue | Villager (Male) |
| 13:30 | Queue | Militia |
| 13:39 | Queue | Villager (Male) |
| 13:40 | Queue | Unit 2626 |
| 13:47 | Queue | Villager (Male) |
| 13:51 | Queue | Fishing Ship |
| 13:54 | Queue | Villager (Male) |
| 14:05 | Queue | Militia |
| 14:24 | Queue | Villager (Male) |
| 14:26 | Build | House |
| 14:35 | Queue | Militia |
| 14:38 | Build | Mill |
| 14:40 | Queue | Fishing Ship |
| 14:43 | Build | Dock |
| 14:46 | Queue | Unit 2626 |
| 14:58 | Queue | Villager (Male) |
| 15:11 | Queue | Unit 2626 |
| 15:18 | Build | Dock |
| 15:18 | Queue | Villager (Male) |
| 15:30 | Build | House |
| 15:34 | Queue | Unit 2626 |
| 15:42 | Queue | Militia |
| 15:45 | Queue | Villager (Male) |
| 15:55 | Queue | Unit 2626 |
| 16:05 | Queue | Villager (Male) |
| 16:11 | Queue | Unit 2626 |
| 16:21 | Queue | Unit 2626 |
| 16:24 | Queue | Fishing Ship |
| 16:24 | Queue | Fishing Ship |
| 16:30 | Queue | Villager (Male) |
| 16:33 | Queue | Unit 2626 |
| 16:56 | Queue | Unit 2626 |
| 16:58 | Queue | Villager (Male) |
| 17:01 | Queue | Fishing Ship |
| 17:02 | Queue | Fishing Ship |
| 17:04 | Build | Lumber Camp |
| 17:09 | Build | House |
| 17:11 | Build | Palisade Wall |
| 17:12 | Build | Palisade Wall |
| 17:12 | Build | Palisade Wall |
| 17:15 | Build | Palisade Wall |
| 17:16 | Build | Palisade Wall |
| 17:16 | Build | Palisade Wall |
| 17:18 | Build | Palisade Wall |
| 17:25 | Queue | Unit 2626 |
| 17:35 | Queue | Unit 2626 |
| 17:39 | Queue | Villager (Male) |
| 17:40 | Queue | Villager (Male) |
| 17:47 | Build | Blacksmith |
| 18:07 | Build | Dock |
| 18:18 | Build | Palisade Wall |
| 18:22 | Queue | Villager (Male) |
| 18:28 | Build | Outpost |
| 18:36 | Queue | Unit 2626 |
| 18:43 | Queue | Unit 2626 |
| 18:48 | Build | House |
| 19:06 | Queue | Villager (Male) |
| 19:13 | Build | Market |
| 19:21 | Queue | Militia |
| 19:27 | Build | House |
| 19:35 | Build | Watch Tower |
| 19:37 | Build | Palisade Wall |
| 19:38 | Build | Palisade Wall |
| 19:40 | Build | Palisade Wall |
| 19:41 | Build | Palisade Wall |
| 19:43 | Research | Castle Age |
| 19:43 | Research | Castle Age |
| 19:43 | Research | Castle Age |
| 19:45 | Queue | Militia |
| 19:51 | Queue | Unit 2626 |
| 19:56 | Build | Dock |
| 19:59 | Queue | Villager (Male) |
| 20:02 | Build | House |
| 20:05 | Build | Palisade Wall |
| 20:05 | Build | Palisade Wall |
| 20:13 | Research | Gold Mining |
| 20:14 | Research | Gold Mining |
Build order — Ceeelebrate
First 150 of 355 actions detected
| 0:00 | Queue | Villager (Male) |
| 0:02 | Build | House |
| 0:02 | Build | House |
| 0:04 | Queue | Villager (Male) |
| 0:04 | Queue | Villager (Male) |
| 0:07 | Queue | Villager (Male) |
| 1:30 | Queue | Villager (Male) |
| 1:31 | Queue | Villager (Male) |
| 2:03 | Queue | Villager (Male) |
| 2:04 | Build | Lumber Camp |
| 2:14 | Queue | Villager (Male) |
| 2:41 | Queue | Villager (Male) |
| 2:42 | Queue | Villager (Male) |
| 3:01 | Queue | Villager (Male) |
| 3:01 | Queue | Villager (Male) |
| 3:19 | Queue | Villager (Male) |
| 3:19 | Queue | Villager (Male) |
| 3:44 | Queue | Villager (Male) |
| 3:45 | Queue | Villager (Male) |
| 3:45 | Queue | Villager (Male) |
| 4:04 | Build | House |
| 4:17 | Queue | Villager (Male) |
| 4:18 | Queue | Villager (Male) |
| 4:34 | Build | Dock |
| 4:35 | Queue | Villager (Male) |
| 4:58 | Queue | Villager (Male) |
| 5:12 | Build | House |
| 5:26 | Queue | Fishing Ship |
| 5:56 | Queue | Villager (Male) |
| 6:18 | Queue | Fishing Ship |
| 6:38 | Research | Loom |
| 6:59 | Build | Palisade Wall |
| 7:00 | Build | Palisade Wall |
| 7:09 | Research | Feudal Age |
| 7:10 | Research | Feudal Age |
| 7:15 | Queue | Fishing Ship |
| 7:51 | Build | Mining Camp |
| 8:27 | Queue | Villager (Male) |
| 8:31 | Build | House |
| 8:34 | Queue | Fishing Ship |
| 9:19 | Age | Feudal Age |
| 9:23 | Build | Donjon |
| 9:25 | Build | Palisade Wall |
| 9:27 | Build | Palisade Wall |
| 9:29 | Build | Palisade Wall |
| 9:31 | Build | Palisade Wall |
| 9:32 | Build | Palisade Wall |
| 9:33 | Build | Palisade Wall |
| 9:42 | Queue | Villager (Male) |
| 9:42 | Queue | Villager (Male) |
| 10:09 | Queue | Villager (Male) |
| 10:10 | Queue | Villager (Male) |
| 10:12 | Queue | Fishing Ship |
| 10:12 | Queue | Fishing Ship |
| 10:43 | Build | Donjon |
| 10:50 | Queue | Villager (Male) |
| 11:02 | Build | House |
| 11:06 | Build | House |
| 11:28 | Build | Palisade Gate |
| 11:29 | Build | House |
| 11:30 | Queue | Villager (Male) |
| 11:45 | Build | Dock |
| 12:03 | Queue | Villager (Male) |
| 12:13 | Queue | Serjeant |
| 12:36 | Queue | Serjeant |
| 12:37 | Queue | Serjeant |
| 12:40 | Queue | Villager (Male) |
| 12:47 | Queue | Unit 2626 |
| 12:47 | Queue | Unit 2626 |
| 12:52 | Queue | Serjeant |
| 13:04 | Queue | Villager (Male) |
| 13:22 | Queue | Fishing Ship |
| 13:22 | Queue | Fishing Ship |
| 13:23 | Build | House |
| 13:39 | Queue | Villager (Male) |
| 14:03 | Queue | Villager (Male) |
| 14:10 | Queue | Unit 2626 |
| 14:30 | Queue | Villager (Male) |
| 14:30 | Queue | Villager (Male) |
| 14:44 | Queue | Villager (Male) |
| 14:48 | Queue | Unit 2626 |
| 14:53 | Queue | Villager (Male) |
| 14:57 | Build | Lumber Camp |
| 15:01 | Research | Double-Bit Axe |
| 15:01 | Research | Double-Bit Axe |
| 15:05 | Build | Dock |
| 15:06 | Build | Palisade Wall |
| 15:08 | Build | Palisade Wall |
| 15:10 | Queue | Villager (Male) |
| 15:21 | Queue | Villager (Male) |
| 15:25 | Queue | Unit 2626 |
| 15:33 | Queue | Villager (Male) |
| 15:40 | Queue | Unit 2626 |
| 15:41 | Queue | Unit 2626 |
| 15:48 | Queue | Unit 2626 |
| 15:49 | Queue | Unit 2626 |
| 15:49 | Queue | Unit 2626 |
| 15:53 | Queue | Villager (Male) |
| 15:53 | Queue | Villager (Male) |
| 16:26 | Queue | Fishing Ship |
| 16:26 | Queue | Fishing Ship |
| 16:30 | Build | House |
| 16:31 | Build | House |
| 16:34 | Research | Town Watch |
| 16:34 | Research | Town Watch |
| 16:41 | Queue | Unit 2626 |
| 16:44 | Queue | Villager (Male) |
| 16:58 | Queue | Villager (Male) |
| 17:11 | Build | Mill |
| 17:14 | Queue | Serjeant |
| 17:23 | Build | House |
| 17:23 | Build | House |
| 17:25 | Queue | Villager (Male) |
| 17:39 | Queue | Unit 2626 |
| 17:39 | Queue | Unit 2626 |
| 17:48 | Queue | Fishing Ship |
| 17:48 | Queue | Fishing Ship |
| 17:52 | Build | Farm |
| 17:58 | Build | Farm |
| 17:59 | Build | Farm |
| 18:00 | Build | Farm |
| 18:01 | Build | Farm |
| 18:02 | Build | Farm |
| 18:03 | Build | Farm |
| 18:12 | Queue | Villager (Male) |
| 18:23 | Queue | Fishing Ship |
| 18:24 | Queue | Fishing Ship |
| 18:25 | Queue | Fishing Ship |
| 18:25 | Queue | Fishing Ship |
| 18:26 | Queue | Villager (Male) |
| 18:35 | Build | Outpost |
| 18:44 | Queue | Fishing Ship |
| 18:44 | Queue | Fishing Ship |
| 18:45 | Queue | Fishing Ship |
| 18:46 | Queue | Fishing Ship |
| 18:55 | Queue | Villager (Male) |
| 19:05 | Queue | Serjeant |
| 19:09 | Queue | Villager (Male) |
| 19:10 | Build | House |
| 19:16 | Queue | Fishing Ship |
| 19:17 | Queue | Fishing Ship |
| 19:21 | Queue | Villager (Male) |
| 19:26 | Research | Tech 906 |
| 19:33 | Research | Horse Collar |
| 19:33 | Research | Horse Collar |
| 19:37 | Build | Farm |
| 19:38 | Build | Farm |
| 19:59 | Queue | Serjeant |
| 20:00 | Queue | Serjeant |
| 20:13 | Queue | Villager (Male) |
Match timeline
| 4:09 | NOC | komtan · first_building Dock |
| 4:34 | Ceeelebrate · first_building Dock |
| 6:59 | Ceeelebrate · wall_segment Palisade Wall x1 |
| 7:00 | Ceeelebrate · wall_segment Palisade Wall x1 |
| 7:30 | NOC | komtan · first_building Barracks |
| 8:54 | NOC | komtan · age_up feudal |
| 9:19 | Ceeelebrate · age_up feudal |
| 9:23 | Ceeelebrate · first_building Donjon |
| 9:25 | Ceeelebrate · wall_segment Palisade Wall x1 |
| 9:27 | Ceeelebrate · wall_segment Palisade Wall x1 |
| 9:29 | Ceeelebrate · wall_segment Palisade Wall x1 |
| 9:31 | Ceeelebrate · wall_segment Palisade Wall x1 |
| 9:32 | Ceeelebrate · wall_segment Palisade Wall x1 |
| 9:33 | Ceeelebrate · wall_segment Palisade Wall x1 |
| 15:06 | Ceeelebrate · wall_segment Palisade Wall x1 |
| 15:08 | Ceeelebrate · wall_segment Palisade Wall x1 |
| 17:11 | NOC | komtan · wall_segment Palisade Wall x1 |
| 17:12 | NOC | komtan · wall_segment Palisade Wall x1 |
| 17:12 | NOC | komtan · wall_segment Palisade Wall x2 |
| 17:15 | NOC | komtan · wall_segment Palisade Wall x2 |
| 17:16 | NOC | komtan · wall_segment Palisade Wall x1 |
| 17:16 | NOC | komtan · wall_segment Palisade Wall x1 |
| 17:18 | NOC | komtan · wall_segment Palisade Wall x5 |
| 18:18 | NOC | komtan · wall_segment Palisade Wall x6 |
| 19:37 | NOC | komtan · wall_segment Palisade Wall x1 |
| 19:38 | NOC | komtan · wall_segment Palisade Wall x1 |
| 19:40 | NOC | komtan · wall_segment Palisade Wall x1 |
| 19:41 | NOC | komtan · wall_segment Palisade Wall x1 |
| 20:05 | NOC | komtan · wall_segment Palisade Wall x4 |
| 20:05 | NOC | komtan · wall_segment Palisade Wall x14 |
| 22:23 | NOC | komtan · age_up castle |
| 22:46 | Ceeelebrate · wall_segment Palisade Wall x1 |
| 22:47 | NOC | komtan · first_market_buy 100 stone |
| 23:00 | NOC | komtan · wall_segment Palisade Wall x1 |
| 23:02 | NOC | komtan · wall_segment Palisade Wall x1 |
| 23:03 | NOC | komtan · wall_segment Palisade Wall x1 |
| 24:31 | NOC | komtan · first_building Monastery |
| 24:34 | NOC | komtan · wall_segment Palisade Wall x1 |
| 24:35 | NOC | komtan · wall_segment Palisade Wall x1 |
| 24:35 | NOC | komtan · wall_segment Palisade Wall x2 |
| 24:35 | NOC | komtan · wall_segment Palisade Wall x1 |
| 25:01 | NOC | komtan · wall_segment Palisade Wall x1 |
| 25:03 | NOC | komtan · wall_segment Palisade Wall x1 |
| 25:03 | Ceeelebrate · age_up castle |
| 25:57 | Ceeelebrate · first_market_sell 100 food |
| 28:18 | NOC | komtan · first_market_sell 500 wood |
| 31:31 | Ceeelebrate · first_building Siege Workshop |
| 34:32 | NOC | komtan · first_building Siege Workshop |
| 36:15 | Ceeelebrate · resign |
[ AI ANALYSIS · 1 CREDIT ]
What really happened in this match?
Wolo.gg analyzes every decision: build order, eco, micro, common mistakes by bracket. Personalized analysis on WhatsApp or Discord in 30 seconds.
Civ guide
Wu
Perfil
Jugador #223206